 Dungeon Crawl Stone Soup version 0.32-a0-120-gfac0567ad4 (webtiles) character file.

Game seed: 14844974054851024591

273 PriceMaster the Firebug (level 6, -6/36 HPs)
             Began as an Octopode Fire Elementalist on Feb 7, 2024.
             Killed by an exploding phantom (42 damage)
             ... ignited by their inner flame
             ... on level 5 of the Dungeon.
             The game lasted 00:08:43 (5671 turns).

PriceMaster the Firebug (OpFE)                      Turns: 5671, Time: 00:08:45

Health: -6/36      AC:  1    Str:  8    XL:     6   Next: 23%
Magic:  0/10       EV: 13    Int: 19    God:
Gold:   202        SH:  0    Dex: 12    Spells: 5/11 levels left

rFire   . . .        a - +1 rapier (drain)
rCold   . . .        (no shield)
rNeg    . . .        (helmet restricted)
rPois   .            (no amulet)
rElec   .            (no ring)
rCorr   .            (no ring)
SInv    .            (no ring)
Will    .....        (no ring)
Stlth   +++          (no ring)
HPRegen 0.26/turn    (no ring)
MPRegen 0.12/turn    (no ring)
                     (no ring)

%: no passive effects
@: very slightly contaminated, invisible
A: almost no armour, amphibious, 8 rings, camouflage 1, gelatinous body 1,
(nimble swimmer 1), tentacles
a: no special abilities


You were on level 5 of the Dungeon.
You visited 1 branch of the dungeon, and saw 5 of its levels.

You collected 202 gold pieces.

Inventory:

Hand Weapons
 a - a +1 rapier of draining (weapon)
 e - a +0 dagger of protection
Scrolls
 h - a scroll of amnesia
 l - a scroll of immolation
Potions
 b - 2 potions of curing
 d - a potion of brilliance {unknown}
 f - a potion of cancellation {unknown}
 g - a potion of heal wounds
 i - a potion of haste {unknown}


   Skills:
 + Level 2.0 Short Blades
 + Level 2.3 Dodging
 + Level 3.7 Stealth
 + Level 0.2 Unarmed Combat
 + Level 3.1 Spellcasting
 + Level 2.1 Conjurations
 + Level 0.8 Hexes
 + Level 4.6 Fire Magic


You had 5 spell levels left.
You knew the following spells:

 Your Spells              Type           Power      Damage    Failure   Level
a - Foxfire               Conj/Fire      60%        2x1d7     3%          1
b - Scorch                Fire           40%        2d6       3%          2
c - Inner Flame           Hex/Fire       13%        N/A       14%         3

Your spell library contained the following spells:

 Spells                   Type           Power      Damage    Failure   Level
 Sandblast                Erth           4%         2d4       16%         1
 Volatile Blastmotes      Fire/Tloc      22%        2d11      17%         3
 Stone Arrow              Conj/Erth      14%        3d7       28%         3
 Flame Wave               Conj/Fire      15%        2d7       36%         4
 Passwall                 Erth           2%         N/A       41%         3
 Brom's Barrelling Bould  Conj/Erth      7%         2d3       67%         4
 Vhi's Electric Charge    Tloc/Air       4%         N/A       83%         4
 Arcjolt                  Conj/Air       3%         1d13      95%         5
 Plasma Beam              Fire/Air       5%         2x1d16    100%        6


Dungeon Overview and Level Annotations

Branches:
Dungeon (5/15)
 Temple: D:4-7

Altars:
Uskayaw
Yredelemnul

Shops:
D:2 [


Innate Abilities, Weirdness & Mutations

You cannot wear most types of armour.
You are amphibious.
You can wear up to eight rings at the same time.
Your skin changes colour to match your surroundings (Stealth+).
Your rubbery body absorbs attacks. (AC +1, EV +1)
((You are camouflaged when in or above water. (Stealth+)))
You have tentacles for arms and can constrict up to eight enemies at once.


Message History

You miscast Inner Flame.
You are very lightly contaminated with residual magic.
Nothing appears to happen.
The foxfire hits the iguana but does no damage.
The foxfire hits the iguana.
The iguana is lightly wounded.
Casting: Inner Flame (quite dangerous; 14% risk of failure)
Confirm with . or Enter, or press ? or * to list all spells.
Aiming: Inner Flame (quite dangerous; 14% risk of failure)
Press: ? - help, Dir - move target, f - phantom, p - iguana
Aim: a phantom (wandering, unable to see you, hasn't noticed you, chance to affect: 49%)
The phantom is filled with an inner flame.
Casting: Inner Flame (quite dangerous; 14% risk of failure)
Confirm with . or Enter, or press ? or * to list all spells.
You conjure some foxfire!
The iguana closely misses you.
Casting: Foxfire (safe; 3% risk of failure)
Confirm with . or Enter, or press ? or * to list all spells.
Flames lash the phantom.
Flame seeps out of the phantom.
The phantom is moderately damaged.
The phantom's fire resistance burns away.
The foxfire hits the iguana but does no damage.
The iguana is lightly wounded.
The foxfire hits the iguana but does no damage.
The iguana is lightly wounded.
The phantom is engulfed in blazing flames.
Flame seeps out of the phantom.
The iguana closely misses you.
Casting: Scorch (safe; 3% risk of failure)
Confirm with . or Enter, or press ? or * to list all spells.
You don't have enough magic to cast this spell.
It was a potion of heal wounds.
You feel much better. The iguana barely misses you.
Found a mace.
Casting: Scorch (safe; 3% risk of failure)
Confirm with . or Enter, or press ? or * to list all spells.
You conjure some foxfire!
The foxfire hits the phantom.
The phantom is burned terribly!
The phantom explodes!
The fiery explosion engulfs you!!!
Ouch! That really hurt!
You die...

#..._......... ...
##...........# ..#
##............##..##.
...<..#..............
).!...#..l...........
......#..........#
......#§§........#
##...§§§#........#
#...§@##.Y.........
#...Pv##......##.#.
#...P.#<...##... #
#.#.P............
...#.P............
................. #
...............
.....##........ ..#..
#........


You could see an iguana (wandering, unable to see you).

Vanquished Creatures
  A phantom (D:5)
  A scorpion (D:3)
  Natasha (thrice) (D:2)
  An orc wizard (D:4)
  3 adders
  2 dart slugs (D:1)
  5 orcs
  7 bats
  8 endoplasms
  2 giant cockroaches
  9 goblins
  8 hobgoblins
  11 jackals
  A quokka (D:1)
  3 ball pythons
  2 frilled lizards
  5 kobolds
  2 rats (D:1)
74 creatures vanquished.

Vanquished Creatures (others)
  167 foxfires
167 creatures vanquished.

Grand Total: 241 creatures vanquished

Notes
Turn   | Place    | Note
-------+----------+-------------------------------------------
     0 | D:1      | PriceMaster the Octopode Fire Elementalist began the quest
                  | for the Orb.
     0 | D:1      | Reached XP level 1. HP: 11/11 MP: 3/3
   151 | D:1      | Reached XP level 2. HP: 17/17 MP: 1/5
   154 | D:1      | Learned a level 2 spell: Scorch
   654 | D:1      | Reached XP level 3. HP: 21/21 MP: 6/6
   658 | D:1      | Learned a level 3 spell: Inner Flame
  1744 | D:2      | Noticed Natasha
  1749 | D:2      | Killed Natasha
  1750 | D:2      | Reached skill level 1 in Short Blades
  1750 | D:2      | Reached XP level 4. HP: 27/27 MP: 0/7
  1911 | D:2      | Found a hide-covered altar of Uskayaw.
  1964 | D:2      | Found Lypsosim's Armour Shoppe.
  2430 | D:2      | Noticed Natasha
  2440 | D:2      | Killed Natasha
  2441 | D:2      | Reached skill level 4 in Fire Magic
  2453 | D:2      | Noticed Natasha
  2455 | D:2      | Killed Natasha
  2456 | D:2      | Reached XP level 5. HP: 21/31 MP: 4/8
  3732 | D:3      | Reached XP level 6. HP: 36/36 MP: 6/10
  5646 | D:5      | Entered Level 5 of the Dungeon
  5646 | D:5      | Noticed a sky beast
  5655 | D:5      | Found a basalt altar of Yredelemnul.
  5671 | D:5      | Killed by an exploding phantom... ignited by their inner
                  | flame

Illustrated notes

Levels and vault maps discovered:
D:1:      minmay_arrival_shattered_statue, layout_basic
D:2:      layout_basic, basic_altar, serial_shops, nicolae_shop_tiny_waterfront,
          uniq_natasha
D:3:      layout_loops_ring, kennysheep_generic_room_8
D:4:      layout_gridville
D:5:      layout_cave_pools, mainiacjoe_overflow_boulevard,
          fedhas_altar_fruit_tree

Skill      XL: |  1  2  3  4  5  6 |
---------------+-------------------+-----
Stealth        | 3 |  3.7
Short Blades   | 1 2 |  2.0
Fire Magic     | 4 |  4.6
Spellcasting   | 3 |  3.1
Conjurations   | 2 |  2.1
Dodging        | |  2.3
Unarmed Combat | |  0.2
Hexes          | |  0.8

Action                     |  1- 3 |  4- 6 || total
---------------------------+-------+-------++-------
  Melee: Unarmed           |    12 |       ||    12
         Tentacles         |     7 |     2 ||     9
         Dagger            |    27 |    13 ||    40
         Constrict         |     6 |     4 ||    10
         Punch             |       |     2 ||     2
         Rapier            |       |     5 ||     5
   Cast: Foxfire           |    48 |    69 ||   117
         Inner Flame       |     2 |    13 ||    15
         Scorch            |     1 |    12 ||    13
    Use: Scroll            |     2 |     8 ||    10
         Potion            |       |     3 ||     3
   Stab: Sleeping          |     6 |     2 ||     8
 Armour: Skin              |    19 |    19 ||    38
  Dodge: Dodged            |    24 |    29 ||    53

Table legend: (Time is in decaauts)
 A = Elapsed time spent in this place.
 B = Non-inter-level travel time spent in this place.
 C = Inter-level travel time spent in this place.
 D = Time resting spent in this place.
 E = Time spent auto-exploring this place.
 F = Levels seen in this place.
 G = Mean time per level.
                   A        B        C        D        E       F      G
               +--------+--------+--------+--------+--------+-----+--------+
         Total |   5675 |   5585 |     90 |   1436 |   3592 |   5 | 1135.0 |
       Dungeon |   5675 |   5585 |     90 |   1436 |   3592 |   5 | 1135.0 |
               +--------+--------+--------+--------+--------+-----+--------+

Top non-repeatable levels by time:
     D:1: 1739 daAuts
     D:4: 1492 daAuts
     D:3: 1381 daAuts
     D:2: 1040 daAuts
     D:5: 21 daAuts
